 Dungeon Crawl Stone Soup version 0.31.0-11-ge490571c62 (webtiles) character file.

Game seed: 13150042827138894731

53 bearlyready the Cudgeller (level 3, 0/36 HPs)
             Began as an Oni Gladiator on Feb 1, 2024.
             Slain by an orc wizard
             ... wielding a +0 dagger
              (1 damage)
             ... on level 3 of the Dungeon.
             The game lasted 00:01:38 (1731 turns).

bearlyready the Cudgeller (Oni Gladiator)           Turns: 1731, Time: 00:01:38

Health: 0/36       AC:  2    Str: 19 (20) XL:     3   Next: 87%
Magic:  3/3        EV:  9    Int:  6 (9)  God:
Gold:   150        SH:  0    Dex:  6 (8)  Spells: 2/2 levels left

rFire   . . .        a - +0 flail
rCold   . . .        (no shield)
rNeg    . . .        b - +0 robe
rPois   .            c - +0 hat
rElec   .            (no cloak)
rCorr   .            (gloves unavailable)
SInv    .            (boots unavailable)
Will    .....        (no amulet)
Stlth   +            (no ring)
HPRegen 0.26/turn    (no ring)
MPRegen 0.08/turn

%: no passive effects
@: mighty
A: large, unfitting armour, horns 1, tough skin 1, double potion healing,
drunken brawling, clumsy 1, deformed body, mutation resistance 1, sense
surroundings 1
a: no special abilities


You were on level 3 of the Dungeon.
You visited 1 branch of the dungeon, and saw 3 of its levels.

You collected 150 gold pieces.

Inventory:

Hand Weapons
 a - a +0 flail (weapon)
Missiles
 d - 3 throwing nets (quivered)
 e - a large rock
 f - 10 poisoned darts
 n - 16 stones
Armour
 b - a +0 robe (worn)
 c - a +0 hat (worn)
Scrolls
 g - a scroll of poison {unknown}
 h - a scroll of enchant weapon {unknown}
 j - a scroll of fear {unknown}
 l - a scroll of teleportation {unknown}
 m - a scroll of fog {unknown}
 o - a scroll of noise {unknown}
 t - a scroll of identify {unknown}
 u - a scroll of amnesia {unknown}
Potions
 i - a potion of heal wounds {unknown}
 q - a potion of degeneration
 r - a potion of berserk rage {unknown}
 s - a potion of cancellation {unknown}


   Skills:
 - Level 2.6 Fighting
 + Level 4.7 Maces & Flails
 - Level 2.0 Throwing
 - Level 2.6 Dodging


You had 2 spell levels left.
You didn't know any spells.
Your spell library contained the following spells:

 Spells                   Type           Power      Damage    Failure   Level
 Apportation              Tloc           0%         N/A       45%         1
 Necrotise                Necr           0%         1d4       45%         1
 Sting                    Conj/Alch      0%         1d3       45%         1
 Summon Small Mammal      Summ           0%         N/A       45%         1
 Jinxbite                 Hex            0%         N/A       58%         2
 Mercury Vapours          Alch/Air       0%         N/A       58%         2
 Call Canine Familiar     Summ           0%         N/A       83%         3
 Mephitic Cloud           Conj/Alch/Air  0%         N/A       83%         3
 Sigil of Binding         Hex            0%         N/A       83%         3
 Dimensional Bullseye     Hex/Tloc       0%         N/A       99%         4
 Freezing Cloud           Conj/Ice/Air   0%         6-21      100%        5
 Yara's Violent Unravell  Hex/Alch       0%         3d3       100%        5
 Enfeeble                 Hex            0%         N/A       100%        7


Dungeon Overview and Level Annotations

Branches:
Dungeon (3/15)

Altars:
Dithmenos


Innate Abilities, Weirdness & Mutations

You are too large for most types of armour.
You have a pair of small horns on your head.
You have tough skin. (AC +1)
You gain doubled healing and magic from potions.
Whenever you drink a healing potion, you attack all around you.
You are clumsy. (Dex -2)
Armour fits poorly on your strangely shaped body.
You are somewhat resistant to further mutation.
You passively map a small area around you.


Message History

The orc closely misses you.
You thump the orc wizard! Your headbutt misses the orc wizard.
The orc wizard is severely wounded.
The orc hits you but does no damage. The orc wizard barely misses you.
The orc hits you with a +0 club.
There are monsters nearby!
The orc wizard hits you with a +0 dagger.
The orc attacks as it pursues you! The orc barely misses you.
The orc wizard casts a spell.
The orc wizard flickers and vanishes!
Deactivating autopickup; reactivate with Ctrl-A.
The orc attacks as it pursues you! The orc hits you with a +0 club.
The orc attacks as it pursues you! The orc hits you with a +0 club.
The orc priest casts a cantrip, but nothing happens.
The orc priest casts a cantrip, but nothing happens.
The orc attacks as it pursues you! The orc misses you.
The orc attacks as it pursues you! The orc hits you with a +0 dagger.
The orc attacks as it pursues you! The orc hits you with a +0 club.
The orc attacks as it pursues you! The orc hits you with a +0 dagger.
The orc priest mumbles some strange prayers to Beogh against you.
Beogh smites you!
* * * LOW HITPOINT WARNING * * *
The orc attacks as it pursues you! The orc hits you with a +0 club.
* * * LOW HITPOINT WARNING * * *
It was a potion of degeneration.
There was something very wrong with that liquid.
You feel weakened.
You feel dopey.
You feel clumsy.
The orc priest looks encouraged for a moment.
The orc barely misses you.
It was a potion of might.
You feel very mighty all of a sudden. The orc hits you with a +0 dagger.
* * * LOW HITPOINT WARNING * * *
The orc priest looks braver for a moment.
The orc barely misses you.
It was a potion of mutation.
You feel extremely strange.
Your body twists and deforms.
You feel genetically stable.
You feel clumsy.
You feel a strange attunement to the structure of the dungeons.
Something hits you.
You die...

...................
..........######### * ....
..........# * .... .##.......#
.... ......))..# .... .>........#
.... ..........# #########....
....#.##..###########.[..........
......###<......@....o...........
#####......>.<..oo..........†)...
#.................#####......
#..##..............# #......
#.###..............# ,.......
##..##..............# .#######
##...##.......)......#..
###....##..............##
.....#####............##


You could see an orc priest and 2 orcs.

Vanquished Creatures
  An adder (D:2)
  3 ribbon worms (D:2)
  2 bats
  7 endoplasms
  4 goblins
  3 hobgoblins
  4 quokkas
  A ball python (D:1)
  A frilled lizard (D:1)
  5 kobolds
  3 rats
34 creatures vanquished.

Notes
Turn   | Place    | Note
-------+----------+-------------------------------------------
     0 | D:1      | bearlyready the Oni Gladiator began the quest for the Orb.
     0 | D:1      | Reached XP level 1. HP: 22/22 MP: 1/1
   162 | D:1      | Found a faded altar of an unknown god.
   234 | D:1      | Reached XP level 2. HP: 26/29 MP: 2/2
  1019 | D:2      | Reached skill level 4 in Maces & Flails
  1096 | D:2      | Reached XP level 3. HP: 35/36 MP: 3/3
  1591 | D:3      | Found a shadowy altar of Dithmenos.
  1730 | D:3      | HP: 1/36 [orc/+0 dagger (2)]
  1731 | D:3      | Gained mutation: Armour fits poorly on your strangely
                  | shaped body. [potion of mutation]
  1731 | D:3      | Gained mutation: You are somewhat resistant to further
                  | mutation. [potion of mutation]
  1731 | D:3      | Gained mutation: You are clumsy. (Dex -2) [potion of
                  | mutation]
  1731 | D:3      | Gained mutation: You passively map a small area around you.
                  | [potion of mutation]
  1731 | D:3      | Slain by an orc wizard

Illustrated notes

Levels and vault maps discovered:
D:1:      amcnicky_arrival_underground_garden, layout_basic,
          shapermc_ecumenical_altar_totnotflames
D:2:      layout_rooms
D:3:      kennysheep_big_flooded_room, layout_rooms,
          mainiacjoe_overflow_surrounded_room

Skill      XL: |  1  2 |
---------------+-------+-----
Maces & Flails | 4 |  4.7
Fighting       | |  2.6
Throwing       | |  2.0
Dodging        | |  2.6

Action                     || total
---------------------------++-------
  Melee: Flail             ||   101
         Headbutt          ||    13
         Punch             ||     1
    Use: Potion            ||     3
 Armour: Robe              ||    68
  Dodge: Dodged            ||    56
